 Dungeon Crawl Stone Soup version 0.23.2-30-g0e89c35649 (webtiles) character file.

Game seed: 10885638740838734620

111 DildoBatman the Conjurer (level 5, -5/35 HPs)
             Began as a Formicid Wizard on June 16, 2019.
             Slain by a river rat (8 damage)
             ... in a sewer.
             The game lasted 00:06:29 (1830 turns).

DildoBatman the Conjurer (Formicid Wizard)          Turns: 1830, Time: 00:06:29

Health: -5/35      AC:  4    Str: 12    XL:     5   Next: 15%
Magic:  2/9        EV: 12    Int: 18    God:
Gold:   136        SH:  3    Dex:  9    Spells: 3/10 levels left

rFire    . . .     SeeInvis +   b - +0 dagger
rCold    . . .     Gourm    .   (no shield)
rNeg     . . .     Faith    .   o - +0 robe
rPois    +         Spirit   .   (helmet unavailable)
rElec    .         Reflect  +   (no cloak)
rCorr    .         Harm     .   (no gloves)
MR       .....                  f - +1 pair of boots
Stlth    ++........             r - +3 amulet of reflection
HPRegen  0.11/turn              h - ring of poison resistance
MPRegen  0.11/turn              (no ring)

@: very slightly contaminated
A: permanent stasis, dig shafts and tunnels, four strong arms, antennae 3
a: Dig, Shaft Self


You were in a sewer.
You were not hungry.

You visited 1 branch of the dungeon, and saw 3 of its levels.
You also visited: Sewer.

You collected 136 gold pieces.

Inventory:

Hand Weapons
 a - a +0 hunting sling
 b - a +0 dagger (weapon)
 k - a +0 mace
 y - a +0 flail
Missiles
 c - 30 bolts
 e - 38 stones (quivered)
 m - 54 sling bullets
 p - 34 poisoned needles
Armour
 f - a +1 pair of boots (worn)
 o - a +0 robe (worn)
Jewellery
 h - a ring of poison resistance (left hand)
 r - a +3 amulet of reflection (around neck)
Scrolls
 d - 2 scrolls of amnesia {unknown}
 g - a scroll of noise {unknown}
 j - 4 scrolls of teleportation {unknown}
 l - 4 scrolls of identify {unknown}
 q - 2 scrolls of remove curse {unknown}
 w - a scroll of immolation {unknown}
 x - a scroll of enchant weapon {unknown}
Potions
 i - 3 potions of curing {unknown}
 n - a potion of cancellation {unknown}
 s - a potion of brilliance {unknown}
 t - 2 potions of agility {unknown}
 u - 2 potions of heal wounds {unknown}
Comestibles
 v - 4 rations
 z - 2 chunks of flesh


   Skills:
 - Level 1.7 Dodging
 - Level 2.4 Stealth
 - Level 3.2 Spellcasting
 * Level 4.1 Conjurations
   Level 1.0 Summonings
   Level 0.8 Translocations
 * Level 0.1 Air Magic
 * Level 0.2 Poison Magic


You had 3 spell levels left.
You knew the following spells:

 Your Spells              Type           Power        Failure   Level  Hunger
a - Conjure Flame         Conj/Fire      ##......     21%         3    ###....
c - Magic Dart            Conj           ###.         3%          1    None
e - Mephitic Cloud        Conj/Pois/Air  #.......     26%         3    ###....

Your spell library contained the following spells:

 Spells                   Type           Power        Failure   Level  Hunger
 Call Imp                 Summ           #.......     16%         2    ##.....
 Slow                     Hex            #.......     24%         2    ##.....
 Blink                    Tloc           Unusable     N/A         2    N/A

Dungeon Overview and Level Annotations

Branches:
Dungeon (3/15)

Altars:
Fedhas
Gozag


Innate Abilities, Weirdness & Mutations

You cannot be hasted, slowed, berserked, paralysed or teleported.
You can dig through walls and to a lower floor.
Your four strong arms can wield two-handed weapons with a shield.
You have a pair of large antennae on your head. (SInv)


Message History

The river rat bites you.
You barely miss the river rat.
The river rat is heavily wounded.
The river rat bites you.
You hit the river rat.
The river rat is severely wounded.
The river rat bites you.
You barely miss the river rat.
The river rat is severely wounded.
The river rat barely misses you.
You hit the river rat but do no damage.
The river rat is severely wounded.
The river rat bites you.
You hit the river rat but do no damage.
The river rat is severely wounded.
The river rat barely misses you.
You barely miss the river rat.
The river rat is severely wounded.
The river rat bites you!
You die...

≈.....# ≈≈...##
≈....####
≈≈.÷###∩#
≈...###.#
≈≈...#..#
≈≈.....##
≈......# ###
≈≈....## ##@#
......## ##r##
.......## ##r##
......r{#####r##
......#......##
....{###.#####
....{# #∩#
....{. ###
......#


You could see a river rat and 2 rats.

Vanquished Creatures
  An orc priest (D:3)
  3 adders (D:2)
  2 dart slugs
  3 orcs (D:3)
  2 giant cockroaches
  3 goblins
  6 hobgoblins
  7 jackals
  5 kobolds
  A ball python (D:3)
  4 bats
  2 frilled lizards
  8 rats
47 creatures vanquished.

Notes
Turn   | Place    | Note
-------+----------+-------------------------------------------
     0 | D:1      | DildoBatman the Formicid Wizard began the quest for the
                  | Orb.
     0 | D:1      | Reached XP level 1. HP: 13/13 MP: 4/4
   103 | D:1      | Reached skill level 1 in Conjurations
   194 | D:1      | Reached XP level 2. HP: 19/19 MP: 3/6
   228 | D:1      | Reached skill level 2 in Conjurations
   590 | D:2      | Reached XP level 3. HP: 24/24 MP: 2/7
   595 | D:2      | Learned a level 3 spell: Conjure Flame
   599 | D:2      | Learned a level 3 spell: Mephitic Cloud
   815 | D:2      | Reached skill level 3 in Conjurations
   846 | D:2      | Reached XP level 4. HP: 30/30 MP: 2/8
   875 | D:2      | Found an opulent altar of Gozag.
  1020 | D:2      | Found a blossoming altar of Fedhas.
  1428 | D:3      | Found a glowing drain.
  1546 | D:3      | Reached skill level 4 in Conjurations
  1546 | D:3      | Reached XP level 5. HP: 18/35 MP: 1/9
  1660 | Sewer    | Entered a sewer
  1830 | Sewer    | Slain by a river rat

Skill      XL: |  1  2  3  4 |
---------------+-------------+-----
Conjurations   | 1 2 3 4 |  4.1
Dodging        | |  1.7
Stealth        | |  2.4
Spellcasting   | |  3.2
Summonings     | |  1.0
Translocations | |  0.8
Air Magic      | |  0.1
Poison Magic   | |  0.2

Action                   |  1- 3 |  4- 6 || total
-------------------------+-------+-------++-------
Melee: Dagger            |    30 |    50 ||    80
 Fire: Hunting sling     |    10 |    15 ||    25
 Cast: Magic Dart        |    46 |    30 ||    76
       Mephitic Cloud    |       |     3 ||     3
 Abil: Dig               |     1 |     2 ||     3
 Stab: Confused          |       |     2 ||     2
  Eat: Chunk             |       |     4 ||     4
Armor: Robe              |    14 |     4 ||    18
Dodge: Dodged            |    27 |    32 ||    59
Block: Other             |       |     5 ||     5
